 Dungeon Crawl Stone Soup version 0.28.0 (webtiles) character file.

Game seed: 15936104037770386536

3285 HallandMoats the Demolition Demonspawn (level 9, -1/72 HPs)
             Began as a Demonspawn Monk on Feb 6, 2022.
             Was an Elder of Makhleb.
             Slain by a two-headed ogre (15 damage)
             ... on level 8 of the Dungeon.
             The game lasted 00:12:45 (9610 turns).

HallandMoats the Demolition Demonspawn (DsMo)       Turns: 9610, Time: 00:12:45

Health: -1/72      AC: 11    Str: 16    XL:     9   Next: 69%
Magic:  0/15       EV: 14    Int: 11    God:    Makhleb [****..]
Gold:   329        SH:  0    Dex: 16    Spells: 8/8 levels left

rFire   . . .      SeeInvis .     - Unarmed
rCold   . . .      Faith    .   (no shield)
rNeg    . . .      Spirit   +   y - +2 robe of Gozag's Inspiration {-Cast rPois Will++ Stlth+}
rPois   +          Reflect  .   (helmet restricted)
rElec   .          Harm     .   g - +0 cloak
rCorr   .          Rampage  ∞   (no gloves)
Will    +++..      NoCast   +   v - +3 pair of seven-league boots {Rampage+∞}
Stlth   +++.......              i - amulet of guardian spirit
HPRegen 0.22/turn               o - ring of flight
MPRegen 0.14/turn               x - ring of willpower

@: flying
A: antennae 2, molten scales 1, powered by pain 1, spiny 1
a: Renounce Religion, Minor Destruction, Lesser Servant of Makhleb, Major
Destruction


You were on level 8 of the Dungeon.
You worshipped Makhleb.
Makhleb was greatly pleased with you.
You visited 1 branch of the dungeon, and saw 8 of its levels.
You also visited: Ossuary.

You collected 586 gold pieces.
You spent 257 gold pieces at shops.

Inventory:

Hand Weapons
 a - a +2 hand axe of electrocution
Missiles
 q - 2 throwing nets (quivered)
Armour
 g - a +0 cloak (worn)
 v - the +3 pair of seven-league boots (worn) {Rampage+∞}
   (You acquired it on level 7 of the Dungeon)

   Its wearer moves as far as possible in that direction when moving towards
   enemies.
 y - the +2 robe of Gozag's Inspiration (worn) {-Cast rPois Will++ Stlth+}
   (You bought it in a shop on level 7 of the Dungeon)

   rPois:     It protects you from poison.
   -Cast:     It prevents spellcasting.
   Will:      It greatly increases your willpower.
   Stlth:     It makes you more stealthy.
Jewellery
 i - an amulet of guardian spirit (around neck)
 o - a ring of flight (left hand)
 x - a ring of willpower (right hand)
Wands
 c - a wand of flame (28)
 m - a wand of paralysis (6)
Scrolls
 b - a scroll of teleportation
 j - 2 scrolls of brand weapon
 l - a scroll of amnesia
 r - 4 scrolls of enchant armour
 s - 3 scrolls of immolation
 t - 2 scrolls of fog
 A - a scroll of blinking
Potions
 d - 3 potions of lignification
 e - 5 potions of curing
 f - 3 potions of invisibility {unknown}
 h - 2 potions of heal wounds {unknown}
 n - a potion of might {unknown}
 p - a potion of haste {unknown}
 u - a potion of berserk rage {unknown}
 w - 3 potions of attraction {unknown}
 z - a potion of flight {unknown}
 B - 2 potions of brilliance {unknown}


   Skills:
 * Level 7.6 Fighting
 + Level 4.1 Armour
 + Level 5.0 Dodging
 - Level 1.7 Stealth
 * Level 6.9 Unarmed Combat
 * Level 9.0 Invocations


You had 8 spell levels left.
You didn't know any spells.
Your spell library contained the following spells:

 Spells                   Type           Power      Damage    Failure   Level
 Summon Small Mammal      Summ           0%         N/A       34%         1
 Call Canine Familiar     Summ           0%         N/A       71%         3
 Gell's Gravitas          Tloc           0%         N/A       71%         3
 Summon Guardian Golem    Hex/Summ       0%         N/A       71%         3
 Teleport Other           Tloc           0%         N/A       71%         3
 Dispersal                Tloc           0%         N/A       100%        6


Dungeon Overview and Level Annotations

Branches:
Dungeon (8/15)             Temple (0/1) D:6         Ossuary (visited)
   Lair: D:8-11

Altars:
Dithmenos
Elyvilon
Fedhas
Gozag
Kikubaaqudgha
Makhleb
Wu Jian
Xom
Zin
The Shining One

Shops:
D:7 *=*:*

Annotations:
D:3 exclusion: oklob plant
D:4 Pikel


Innate Abilities, Weirdness & Mutations

You have a pair of antennae on your head.
You are partially covered in molten scales. (AC +2)
You sometimes gain a little power by taking damage.
You are partially covered in sharp spines.


Message History

The two-headed ogre is lightly wounded.
The two-headed ogre barely misses you.
The two-headed ogre hits you with a +0 giant club!
You punch the two-headed ogre!
The two-headed ogre is lightly wounded.
The two-headed ogre is struck by your spines.
The two-headed ogre hits you with a +0 giant club!!
The two-headed ogre hits you with a +0 giant club!
You hit the two-headed ogre but do no damage.
The two-headed ogre is moderately wounded.
You punch the two-headed ogre!
The two-headed ogre is moderately wounded.
The two-headed ogre hits you with a +0 giant club.
The two-headed ogre hits you with a +0 giant club!
An orc warrior comes into view. It is wielding a +0 hand axe.
You are too injured to fight recklessly!
You are too injured to fight recklessly!
You are too injured to fight recklessly!
The orc warrior shouts!
You hit the two-headed ogre.
The two-headed ogre is heavily wounded.
You hear a shout!
The two-headed ogre closely misses you.
The two-headed ogre hits you with a +0 giant club!
* * * LOW HITPOINT WARNING * * *
A yak comes into view.
The yak bellows!
You punch the two-headed ogre!
The two-headed ogre is severely wounded.
A yak comes into view.
You barely miss the two-headed ogre.
The two-headed ogre is severely wounded.
The two-headed ogre barely misses you.
The two-headed ogre hits you with a +0 giant club!
* * * LOW HITPOINT WARNING * * *
You hit the two-headed ogre.
The two-headed ogre is severely wounded.
The two-headed ogre closely misses you.
The two-headed ogre hits you with a +0 giant club!
You die...

.. #.# #. #.# #.# #.#
########
#..##.#####......#
#.#.............#
#...............#
##..............#
#@..........######
#Y.o.O#..........'.....
Y..#.###..........######
# #..........#
#..........#####
#.>............#
#.#........###.#
#.#.###.....######
#......<###.#


You could see a two-headed ogre, 2 yaks and an orc warrior.

Vanquished Creatures
  Sigmund (D:3)
  A wyvern (D:6)
  3 yaks (D:6)
  A water moccasin (D:7)
  An orc warrior (D:5)
  A necrophage (D:6)
  2 ogres
  4 lemures (D:5)
  2 bullfrogs (D:7)
  A gnoll sergeant (D:6)
  A scorpion (D:5)
  A howler monkey (D:4)
  2 bullfrog zombies (D:6)
  3 hounds (D:5)
  2 orc priests
  Crazy Yiuf (D:5)
  2 jellies (D:5)
  4 orc wizards
  Natasha (thrice) (D:2)
  2 gnoll shamans
  An iguana (D:5)
  8 mummies (Ossuary)
  A howler monkey zombie (D:7)
  16 gnolls
  5 adders
  2 ufetubi
  2 dart slugs
  22 orcs
  3 bats (D:1)
  5 endoplasms
  4 giant cockroaches
  9 goblins
  4 hobgoblins
  4 jackals (D:2)
  4 quokkas
  9 ball pythons
  3 frilled lizards
  2 gnoll zombies (Ossuary)
  A hobgoblin zombie (Ossuary)
  A jackal skeleton (D:4)
  6 kobolds
  2 kobold zombies (Ossuary)
  3 orc zombies (Ossuary)
  3 rats
158 creatures vanquished.

Vanquished Creatures (collateral kills)
  A boulder beetle (D:6)
  Eustachio (D:5)
  A scorpion (D:6)
  A bullfrog skeleton (D:5)
4 creatures vanquished.

Vanquished Creatures (others)
  2 fungi (D:5)
2 creatures vanquished.

Grand Total: 164 creatures vanquished

Notes
Turn   | Place    | Note
-------+----------+-------------------------------------------
     0 | D:1      | HallandMoats the Demonspawn Monk began the quest for the
                  | Orb.
     0 | D:1      | Reached XP level 1. HP: 18/18 MP: 1/1
   155 | D:1      | Found a faded altar of an unknown god.
   177 | D:1      | Prayed at the altar of an unknown god.
   177 | D:1      | Became a worshipper of Makhleb the Destroyer
   177 | D:1      | Reached * piety under Makhleb
   177 | D:1      | Reached ** piety under Makhleb
   180 | D:1      | Reached skill level 1 in Invocations
   180 | D:1      | Gained mutation: You are partially covered in sharp spines.
                  | [demonic ancestry]
   180 | D:1      | Reached XP level 2. HP: 14/24 MP: 2/2
   496 | D:1      | Reached *** piety under Makhleb
   723 | D:1      | Gained mutation: You are partially covered in molten
                  | scales. (AC +2) [demonic ancestry]
   723 | D:1      | Reached XP level 3. HP: 17/29 MP: 4/4
  1196 | D:2      | Reached skill level 2 in Invocations
  1214 | D:2      | Noticed Natasha
  1235 | D:2      | Killed Natasha
  1236 | D:2      | Reached XP level 4. HP: 14/35 MP: 5/5
  1523 | D:2      | Reached skill level 1 in Armour
  1822 | D:2      | Reached skill level 3 in Invocations
  1839 | D:2      | Noticed Natasha
  1856 | D:2      | Killed Natasha
  1857 | D:2      | Gained mutation: You sometimes gain a little power by
                  | taking damage. [demonic ancestry]
  1857 | D:2      | Reached XP level 5. HP: 22/42 MP: 7/7
  2167 | D:2      | Noticed Natasha
  2172 | D:2      | Killed Natasha
  2237 | D:3      | Found an ornate altar of the Wu Jian Council.
  2334 | D:3      | Found a blossoming altar of Fedhas.
  2358 | D:3      | Noticed an oklob plant
  2584 | D:3      | Noticed Sigmund
  2651 | D:3      | Killed Sigmund
  2652 | D:3      | Reached skill level 4 in Invocations
  2652 | D:3      | Gained mutation: You have a pair of small antennae on your
                  | head. [demonic ancestry]
  2652 | D:3      | Reached XP level 6. HP: 32/49 MP: 7/9
  3963 | D:4      | Reached **** piety under Makhleb
  4444 | D:5      | Entered Level 5 of the Dungeon
  4563 | D:5      | Found a runed translucent door.
  4564 | D:5      | Noticed Crazy Yiuf
  4622 | D:5      | Found an opulent altar of Gozag.
  4622 | D:5      | Noticed Eustachio
  4635 | D:5      | Killed Eustachio
  4636 | D:5      | Reached skill level 5 in Fighting
  4636 | D:5      | Reached XP level 7. HP: 20/56 MP: 10/10
  4637 | D:5      | Reached skill level 5 in Invocations
  4840 | D:5      | Noticed Pikel
  6018 | D:5      | Reached skill level 5 in Unarmed Combat
  6112 | D:5      | Gained mutation: You have a pair of antennae on your head.
                  | [demonic ancestry]
  6112 | D:5      | Reached XP level 8. HP: 63/63 MP: 12/12
  6125 | D:5      | Reached skill level 6 in Invocations
  6398 | D:5      | Found a shimmering altar of Xom.
  6429 | D:5      | Noticed an angel
  6573 | D:5      | Killed Crazy Yiuf
  6764 | D:6      | Noticed a boulder beetle
  6786 | D:6      | Killed a boulder beetle
  6787 | D:6      | Reached skill level 7 in Invocations
  6991 | D:6      | Found an ancient bone altar of Kikubaaqudgha.
  7190 | D:5      | Reached XP level 9. HP: 63/71 MP: 12/14
  7453 | D:6      | Reached skill level 8 in Invocations
  7964 | D:6      | Found a staircase to the Ecumenical Temple.
  8188 | D:7      | Found Cow Tokk's Book Shoppe.
  8413 | D:7      | Found a sand-covered staircase.
  8434 | D:7      | Found Qululiwn's Assorted Antiques.
  8454 | Ossuary  | Entered an ossuary
  8473 | Ossuary  | Reached skill level 5 in Dodging
  8919 | D:7      | Identified a scroll of acquirement
  8921 | D:7      | Acquired the +3 pair of seven-league boots {Rampage+∞}
  8921 | D:7      | Found the +3 pair of seven-league boots {Rampage+∞}
  9086 | D:7      | Found Tinigut's Assorted Antiques.
  9161 | D:7      | Found a burning altar of Makhleb.
  9192 | D:7      | Found a shadowy altar of Dithmenos.
  9223 | D:7      | Reached skill level 9 in Invocations
  9236 | D:7      | Found Fusedgh's General Store.
  9261 | D:7      | Found Ojyug's Jewellery Boutique.
  9548 | D:7      | Bought a transparent robe for 176 gold pieces
  9548 | D:7      | Identified the +2 robe of Gozag's Inspiration {-Cast rPois
                  | Will++ Stlth+} (You bought it in a shop on level 7 of the
                  | Dungeon)
  9548 | D:7      | Bought a ruby potion for 27 gold pieces
  9548 | D:7      | Bought a bubbling yellow potion for 27 gold pieces
  9548 | D:7      | Bought a ruby potion for 27 gold pieces
  9594 | D:8      | Noticed a two-headed ogre
  9610 | D:8      | Slain by a two-headed ogre

Illustrated notes

Levels and vault maps discovered:
D:1:      psy_arrival_radial02, layout_rooms, hellmonk_ecumenical_altar_lost_god
D:2:      layout_rooms, uniq_natasha
D:3:      layout_basic, tgw_fedhas, nicolae_overflow_crystal_walls,
          amcnicky_altar_gilded, uniq_sigmund
D:4:      layout_basic
D:5:      layout_cave_pools, grunt_temple_overflow_order_and_chaos_1,
          kennysheep_little_box, nicolae_tso_carved_into_rock, grunt_tough_drop,
          uniq_crazy_yiuf_cottage, uniq_pikel, uniq_eustachio
D:6:      layout_basic, kennysheep_mini, temple_doors_ab
D:7:      layout_gridville, mainiacjoe_overflow_two_lobes,
          chequers_ossuary_entry_cave, serial_shops, nicolae_stop_n_shop_2,
          kennysheep_mini_moat, nicolae_square_shop,
          nicolae_shop_advertising_works [nicolae_subvault_shop_adworks],
          nicolae_stop_n_shop_1
D:8:      layout_basic, dpeg_lair_monsters, serial_shops, nicolae_diamond_shop

Skill      XL: |  1  2  3  4  5  6  7  8  9 |
---------------+----------------------------+-----
Invocations    | 1 2 3 4 5 7 9 |  9.0
Unarmed Combat | 3 4 5 6 |  6.9
Dodging        | 3 4 5 |  5.0
Armour         | 1 2 3 4 |  4.1
Fighting       | 4 5 6 7 |  7.6
Stealth        | |  1.7

Action                   |  1- 3 |  4- 6 |  7- 9 || total
-------------------------+-------+-------+-------++-------
Melee: Unarmed           |    87 |   147 |   348 ||   582
       Punch             |     2 |     3 |    16 ||    21
Invok: Lesser Servant of |       |       |     3 ||     3
  Use: Potion            |       |     1 |       ||     1
       Scroll            |       |     7 |     9 ||    16
 Stab: Sleeping          |     4 |     1 |       ||     5
       Distracted        |     1 |       |     2 ||     3
Armor: Robe              |    10 |       |       ||    10
       Leather armour    |     5 |     5 |       ||    10
       Ring mail         |       |    37 |    91 ||   128
Dodge: Dodged            |    55 |    59 |   184 ||   298
